 Dungeon Crawl Stone Soup version 0.30-a0-451-ge042605de7 (webtiles) character file.

Game seed: 12917070666544103277

1087 bande the Chopper (level 8, -5/49 HPs)
             Began as a Gargoyle Fighter on Dec 12, 2022.
             Slain by a two-headed ogre
             ... wielding a +0 giant club
              (18 damage)
             ... on level 5 of the Dungeon.
             The game lasted 00:11:08 (4467 turns).

bande the Chopper (Gargoyle Fighter)                Turns: 4467, Time: 00:11:08

Health: -5/49      AC: 15    Str: 19    XL:     8   Next: 30%
Magic:  8/8        EV:  9    Int: 10    God:
Gold:   199        SH:  4    Dex: 11    Spells: 6/7 levels left

rFire   . . .      SeeInvis .    a - +1 war axe (vamp)
rCold   . . .      Faith    .    c - +0 buckler
rNeg    + + .      Spirit   .    b - +0 scale mail
rPois   ∞          Reflect  .    k - +0 helmet
rElec   +          Harm     .    j - +0 cloak
rCorr   .          Rampage  .    (no gloves)
Will    .....                    (no boots)
Stlth   ..........               (no amulet)
HPRegen 0.28/turn                u - ring of positive energy
MPRegen 0.11/turn                (no ring)

@: no status effects
A: sickness immunity, AC +5, negative energy resistance 1, electricity
resistance, torment resistance 1, petrification resistance
a: no special abilities


You were on level 5 of the Dungeon.
You visited 2 branches of the dungeon, and saw 6 of its levels.
You also visited: Sewer.

You collected 199 gold pieces.

Inventory:

Hand Weapons
 a - a +1 vampiric war axe (weapon)
 i - the +0 sling "Osared" {freeze, Fly rF+ rN+ Will-}
   (You found it on level 2 of the Dungeon)

   Any ammunition fired from it freezes those it strikes, dealing additional
   cold damage.
   It can also slow down cold-blooded creatures.
   rF:        It protects you from fire.
   rN:        It protects you from negative energy.
   Fly:       It grants you flight.
   Will:      It decreases your willpower.
 t - a +0 war axe
 C - a +0 flail
Armour
 b - a +0 scale mail (worn)
 c - a +0 buckler (worn)
 j - a +0 cloak (worn)
 k - a +0 helmet (worn)
Jewellery
 s - a ring of fire
 u - a ring of positive energy (left hand)
Wands
 x - a wand of mindburst (22)
 y - a wand of digging (5)
Scrolls
 e - 5 scrolls of teleportation
 n - a scroll of summoning
Potions
 d - 2 potions of might
 f - a potion of invisibility
 g - a potion of berserk rage
 h - a potion of brilliance {unknown}
 l - a potion of mutation {unknown}
 m - 2 potions of flight
 o - 3 potions of curing
 p - 2 potions of resistance
 q - a potion of magic {unknown}
 r - 2 potions of haste
 v - a potion of attraction {unknown}
 w - a potion of ambrosia {unknown}
 z - a potion of experience {unknown}
 A - 2 potions of cancellation


   Skills:
 + Level 5.1 Fighting
 + Level 5.7 Axes
 + Level 5.1 Armour
 - Level 0.2 Dodging
 + Level 4.1 Shields
 * Level 3.1 Translocations
 * Level 1.9 Evocations


You had 6 spell levels left.
You knew the following spells:

 Your Spells              Type           Power      Damage    Failure   Level
a - Apportation           Tloc           12%        N/A       36%         1

Your spell library contained the following spells:

 Spells                   Type           Power      Damage    Failure   Level
 Gell's Gravitas          Tloc           6%         N/A       75%         3
 Teleport Other           Tloc           6%         N/A       75%         3
 Necrotise                Necr           0%         1d4       80%         1
 Summon Small Mammal      Summ           0%         N/A       80%         1
 Dispersal                Tloc           3%         N/A       100%        6


Dungeon Overview and Level Annotations

Branches:
Dungeon (5/15)             Temple (1/1) D:5           Sewer (visited)

Altars:
Elyvilon
Fedhas
Gozag
Kikubaaqudgha
Nemelex Xobeh
Ru
Uskayaw
Vehumet
Xom
Yredelemnul
The Shining One

Shops:
D:4 (


Innate Abilities, Weirdness & Mutations

You are immune to sickness and miasma.
Your stone body is resilient. (AC +5)
You are immune to poison.
You resist negative energy. (rN+)
You are resistant to electric shocks. (rElec)
You are resistant to unholy torment.
You are immune to petrification.


Message History

A two-headed ogre comes into view.
It is wielding a +0 giant club and a +0 giant spiked club.
The two-headed ogre shouts in stereo!
You hit the ice beast but do no damage. The ice beast hits you.
The ice beast freezes you!
You closely miss the ice beast.
The ice beast hits you but does no damage.
You completely miss the ice beast. You block the ice beast's attack.
You hit the two-headed ogre.
You feel better.
The two-headed ogre is lightly wounded.
You hit the ice beast.
The ice beast hits you but does no damage.
The two-headed ogre hits you with a +0 giant club.
The two-headed ogre hits you but does no damage.
The ice beast closely misses you.
You slash the two-headed ogre!
You feel better.
The two-headed ogre is moderately wounded.
You hit the ice beast but do no damage. The two-headed ogre misses you.
The two-headed ogre barely misses you.
The ice beast hits you but does no damage.
Unknown command.
You slash the two-headed ogre!
The two-headed ogre is heavily wounded.
You barely miss the ice beast.
The ice beast hits you but does no damage.
The two-headed ogre barely misses you. x2
Unknown command.
You closely miss the two-headed ogre.
The two-headed ogre is heavily wounded.
You barely miss the ice beast.
The ice beast hits you but does no damage.
The two-headed ogre closely misses you.
The two-headed ogre hits you with a +0 giant spiked club.
Unknown command.
You hit the two-headed ogre.
You feel better.
The two-headed ogre is heavily wounded.
You barely miss the ice beast. The ice beast barely misses you.
The two-headed ogre hits you with a +0 giant club!!
* * * LOW HITPOINT WARNING * * *
The two-headed ogre hits you with a +0 giant spiked club!!
You die...

..........#.# #.#
########.##.# #.#
#.##.# #.# #.##.# #.#
#### #.##.## #.###
...#
#.#...##########...##
##.#
#...................#
#.#
####O..#..#########..#
#.#########....@Y...#
#..#
#.##............###.#
#..# #.##.######.#####
#..# #.##.# #.#
######..# #.##.# #..
#.......# ##.##.# ####
#...####.# ##.##.# #.#
#.# ##.##†# #.####.#
##.##.# # #....#.#


You could see a two-headed ogre and an ice beast.

Vanquished Creatures
  Edmund (D:5)
  An ogre (D:3)
  Blork the orc (D:5)
  2 bullfrogs (Sewer)
  2 scorpions
  Dowan (D:5)
  An orc priest (D:3)
  3 hounds (D:5)
  Ijyb (D:3)
  2 iguanas (D:5)
  13 adders
  7 river rats
  2 ufetubi
  A worm (D:4)
  2 dart slugs (D:1)
  7 orcs
  3 endoplasms
  11 giant cockroaches
  5 goblins
  10 hobgoblins
  11 jackals
  6 quokkas
  23 ball pythons
  7 bats
  4 frilled lizards
  5 kobolds
  19 rats
151 creatures vanquished.

Notes
Turn   | Place    | Note
-------+----------+-------------------------------------------
     0 | D:1      | bande the Gargoyle Fighter began the quest for the Orb.
     0 | D:1      | Reached XP level 1. HP: 14/14 MP: 1/1
   115 | D:1      | Reached XP level 2. HP: 18/19 MP: 2/2
   311 | D:1      | Reached XP level 3. HP: 21/24 MP: 3/3
   427 | D:1      | Found a faded altar of an unknown god.
   952 | D:2      | Learned a level 1 spell: Apportation
  1005 | D:2      | Reached XP level 4. HP: 29/29 MP: 4/4
  1114 | D:2      | Identified the +0 sling "Osared" {freeze, Fly rF+ rN+
                  | Will-}
  1623 | D:3      | Noticed an ogre
  1625 | D:3      | Reached XP level 5. HP: 24/33 MP: 5/5
  1633 | D:3      | Killed an ogre
  1634 | D:3      | Reached skill level 1 in Translocations
  1645 | D:3      | Found a sacrificial altar of Ru.
  1870 | D:3      | Noticed Ijyb
  1883 | D:3      | Killed Ijyb
  1884 | D:3      | Reached XP level 6. HP: 8/38 MP: 6/6
  2192 | D:3      | Found a glowing drain.
  2196 | Sewer    | Entered a sewer
  2539 | Sewer    | Reached XP level 7. HP: 44/44 MP: 7/7
  3014 | D:4      | Found a hide-covered altar of Uskayaw.
  3161 | D:4      | Found Favoy's Antique Weapon Emporium.
  3235 | D:4      | Found a blossoming altar of Fedhas.
  3274 | D:4      | Reached skill level 5 in Axes
  3679 | D:4      | Found a glowing golden altar of the Shining One.
  3731 | D:5      | Entered Level 5 of the Dungeon
  3731 | D:5      | Noticed Edmund
  3740 | D:5      | Killed Edmund
  3741 | D:5      | Reached skill level 1 in Evocations
  4032 | D:5      | Noticed Blork the orc
  4039 | D:5      | Killed Blork the orc
  4040 | D:5      | Reached skill level 5 in Armour
  4040 | D:5      | Reached XP level 8. HP: 44/48 MP: 8/8
  4105 | D:5      | Noticed Dowan
  4157 | D:5      | Killed Dowan
  4158 | D:5      | Reached skill level 5 in Fighting
  4301 | D:5      | Found a staircase to the Ecumenical Temple.
  4313 | Temple   | Entered the Ecumenical Temple
  4459 | D:5      | Noticed a two-headed ogre
  4467 | D:5      | Slain by a two-headed ogre

Illustrated notes

Levels and vault maps discovered:
D:1:      dpeg_arrival_round_a, layout_basic, ebering_ecumenical_altar_hall
D:2:      layout_loops_cross
D:3:      layout_basic, nicolae_ru_awakened_eye, gup_sewer_entry_spiral,
          uniq_ijyb
D:4:      layout_gridville, lemuel_crystal_altar, tso_oasis_becter,
          mainiacjoe_overflow_cross_hatched, serial_shops, shop_statue
D:5:      layout_loops_ring, grunt_temple_overflow_order_and_chaos_2,
          minmay_temple_entry_butterflies, uniq_edmund, uniq_duvessa,
          uniq_blork_the_orc
Temple:   nicolae_temple_little_seven

Skill      XL: |  1  2  3  4  5  6  7  8 |
---------------+-------------------------+-----
Axes           | 2 3 4 5 |  5.7
Armour         | 4 5 |  5.1
Fighting       | 4 5 |  5.1
Translocations | 1 2 3 |  3.1
Shields        | 4 |  4.1
Evocations     | 1 |  1.9
Dodging        | |  0.2

Action                   |  1- 3 |  4- 6 |  7- 9 || total
-------------------------+-------+-------+-------++-------
Melee: War axe           |   107 |   201 |   124 ||   432
  Use: Scroll            |       |     5 |    14 ||    19
       Potion            |       |     1 |       ||     1
Armor: Scale mail        |    74 |   157 |   106 ||   337
Dodge: Dodged            |    69 |   121 |    90 ||   280
Block: Buckler           |    35 |    53 |    32 ||   120

Table legend: (Time is in decaauts)
 A = Elapsed time spent in this place.
 B = Non-inter-level travel time spent in this place.
 C = Inter-level travel time spent in this place.
 D = Time resting spent in this place.
 E = Time spent auto-exploring this place.
 F = Levels seen in this place.
 G = Mean time per level.
                   A        B        C        D        E       F      G
               +--------+--------+--------+--------+--------+-----+--------+
         Total |   4698 |   4548 |    150 |    411 |   2895 |   7 |  671.1 |
       Dungeon |   3993 |   3843 |    150 |     87 |   2715 |   5 |  798.6 |
        Temple |     56 |     56 |      0 |      0 |     36 |   1 |   56.0 |
         Sewer |    648 |    648 |      0 |    324 |    143 |   1 |  648.0 |
               +--------+--------+--------+--------+--------+-----+--------+

Top non-repeatable levels by time:
     D:3: 884 daAuts
     D:1: 881 daAuts
     D:2: 806 daAuts
     D:4: 723 daAuts
     D:5: 697 daAuts
   Sewer: 648 daAuts
  Temple: 56 daAuts
